Map: Acropolis LE

Players

SortOf

  • Race: Zerg Zerg
  • League: Master
  • Spawn Location: 11:00

Harstem - Winner!

  • Race: Protoss Protoss
  • League: Grandmaster
  • Spawn Location: 5:00

Event: HomeStory Cup XX

VOD

Have the link to the VOD?

Description

Time

  • Played on: Nov. 21, 2019, 11:53 a.m.
  • Length: 9:51

All games in this series

Show
View Real Time Build Order
Export as new Build Order

SortOf Zerg 

Build Orders: Hatch First 

Get SALT Encoding   

  12  0:00  Drone  
  13  0:13  Overlord  
  13  0:16  Drone  
  14  0:32  Drone x2  
  16  0:47  Hatchery  
  15  0:51  Drone  
  15  0:55  Drone  
  17  0:58  Drone  
  18  1:09  Extractor  
  17  1:13  Spawning Pool  
  17  1:16  Drone  
  17  1:20  Drone  
  18  1:28  Drone  
  19  1:39  Drone  
  20  1:51  Drone  
  21  1:59  Queen x2  
  25  2:01  Zergling x2  
  26  2:12  Hatchery  
  26  2:15  Overlord  
  25  2:18  Drone  
  27  2:22  Drone  
  27  2:25  Drone  
  28  2:30  Metabolic Boost  
  28  2:34  Zergling x2  
  28  2:36  Drone  
  30  2:39  Drone  
  31  2:44  Overlord  
  31  2:46  Zergling x2  
  32  2:53  Queen  
  32  2:56  Drone  
  35  3:02  Drone  
  35  3:03  Drone  
  37  3:06  Overlord  
  37  3:10  Drone x3  
  40  3:18  Queen  
  42  3:20  Drone x2  
  42  3:25  Spore Crawler  
  42  3:26  Drone  
  44  3:28  Drone  
  44  3:31  Spore Crawler  
  44  3:32  Drone  
  45  3:38  Queen  
  47  3:42  Overlord  
  47  3:45  Drone x2  
  49  3:48  Drone  
  49  3:49  Drone  
  49  3:52  Spore Crawler  
  49  3:54  Drone  
  51  3:59  Zergling x2  
  51  4:01  Drone  
  53  4:03  Drone x2  
  53  4:04  Drone  
  53  4:07  Drone x2  
  53  4:08  Drone  
  59  4:11  Overlord  
  59  4:12  Drone  
  59  4:16  Spore Crawler  
  59  4:17  Queen  
  59  4:21  Drone  
  59  4:23  Drone x3  
  65  4:25  Overlord  
  65  4:29  Overlord  
  65  4:31  Drone  
  66  4:32  Drone x2  
  68  4:38  Roach Warren  
  68  4:41  Extractor  
  68  4:44  Drone x6  
  72  4:50  Drone x2  
  74  4:53  Drone x4  
  74  4:54  Extractor  
  74  4:55  Extractor  
  76  5:02  Drone x2  
  76  5:05  Lair  
  79  5:07  Drone  
  79  5:09  Drone x2, Evolution Chamber x2  
  79  5:14  Extractor  
  78  5:15  Zergling x6  
  81  5:21  Overlord  
  81  5:22  Overlord  
  81  5:25  Hatchery  
  80  5:29  Extractor, Overlord x3  
  80  5:33  Roach x2  
  80  5:34  Roach  
  82  5:39  Overlord  
  82  5:40  Roach x2  
  82  5:41  Roach  
  88  5:45  Roach x2  
  88  5:49  Zergling x6  
  94  5:51  Zerg Melee Weapons Level 1  
  94  5:54  Zerg Ground Armor Level 1  
  95  5:58  Drone x2  
  95  5:59  Drone x4  
  95  6:01  Ravager x2  
  103  6:08  Zergling x6  
  106  6:15  Drone x3  
  106  6:16  Baneling Nest  
  108  6:19  Zergling x8  
  108  6:25  Hatchery, Glial Reconstitution  
  111  6:26  Infestation Pit  
  111  6:30  Overseer  
  110  6:33  Drone x3  
  113  6:41  Drone x8  
  113  6:45  Overlord x2  
  120  7:05  Drone x3, Hive, Spire  
  121  7:09  Roach x2  
  121  7:10  Zergling x12  
  127  7:24  Zergling x2, Roach x4  
  127  7:25  Zergling x4  
  127  7:27  Centrifical Hooks, Overlord  
  127  7:29  Overlord  
  132  7:32  Baneling x10  
  132  7:38  Roach x3  
  132  7:42  Extractor  
  132  7:43  Ravager x4  
  141  7:48  Zergling x24  
  141  7:51  Overseer, Ravager  
  153  8:00  Zergling x8  
  153  8:04  Baneling  
  153  8:05  Baneling x8  
  157  8:09  Drone x2  
  157  8:10  Extractor  
  158  8:16  Overlord  
  158  8:17  Overlord x2  
  155  8:28  Zergling x6  
  155  8:29  Zergling x4  
  161  8:41  Zergling x34  
  161  8:46  Hatchery  
  169  8:51  Baneling  
  169  8:52  Baneling x19  
  165  9:00  Drone  
  165  9:01  Drone x2  
  143  9:04  Zergling x12  
  143  9:08  Zergling x2  
  143  9:09  Roach x6  
  121  9:18  Zergling x6  
  121  9:23  Zergling x2  
  118  9:30  Zergling x6  
  118  9:31  Zergling x2  
Show
View Real Time Build Order
Export as new Build Order

Harstem Protoss - Winner!

Build Orders: 1 Gate Expand, Oracle Opening, Archon Immortal 

Get SALT Encoding   

  12  0:00  Probe  
  13  0:12  Probe  
  14  0:18  Pylon  
  14  0:24  Probe  
  15  0:29  Assimilator  
  15  0:32  Probe  
  15  0:40  Probe  
  16  0:47  Gateway  
  17  0:51  Probe  
  18  1:03  Probe  
  19  1:15  Probe  
  20  1:22  Nexus  
  20  1:34  Cybernetics Core  
  20  1:35  Probe  
  21  1:40  Assimilator  
  21  1:47  Probe  
  21  1:50  Pylon  
  22  2:00  Adept, Probe  
  23  2:12  Stargate, Probe  
  26  2:20  Stalker  
  26  2:21  Warp Gate  
  26  2:24  Probe  
  27  2:32  Probe  
  27  2:36  Probe  
  31  2:40  Probe  
  31  2:48  Probe x2  
  33  2:57  Oracle  
  37  3:00  Probe x2  
  37  3:04  Pylon  
  39  3:11  Probe  
  39  3:12  Probe  
  40  3:17  Robotics Facility  
  40  3:19  Probe  
  41  3:24  Probe  
  43  3:27  Probe  
  43  3:33  Oracle  
  44  3:34  Nexus  
  44  3:37  Probe  
  44  3:39  Probe  
  46  3:48  Pylon  
  49  3:50  Probe  
  49  3:53  Assimilator, Probe  
  49  3:55  Assimilator  
  51  3:57  Pylon  
  51  4:04  Probe  
  51  4:05  Observer, Probe  
  51  4:06  Pylon  
  54  4:10  Gateway  
  54  4:16  Probe  
  55  4:18  Immortal  
  55  4:19  Adept  
  55  4:20  Probe  
  58  4:28  Probe  
  63  4:32  Gateway  
  63  4:34  Probe  
  64  4:40  Pylon, Probe  
  64  4:41  Sentry  
  67  4:46  Probe  
  67  4:49  Probe  
  67  4:52  Probe  
  70  4:54  Probe  
  70  4:55  Forge  
  70  4:56  Twilight Council  
  70  4:57  Probe  
  71  5:05  Probe x3  
  73  5:08  Sentry, Zealot  
  79  5:16  Probe  
  79  5:17  Probe x2  
  82  5:21  Protoss Ground Weapons Level 1  
  82  5:28  Probe, Gateway x2, Zealot  
  84  5:29  Probe x2  
  91  5:37  Pylon  
  91  5:38  Charge  
  91  5:40  Probe  
  91  5:41  Probe x2  
  90  5:46  Assimilator  
  90  5:48  Assimilator  
  90  5:50  Gateway  
  90  5:51  Gateway  
  90  5:53  Probe  
  90  5:54  Probe  
  92  5:58  Pylon  
  92  6:00  Immortal  
  92  6:01  Gateway  
  92  6:03  Gateway  
  92  6:04  Phoenix  
  92  6:05  Observer  
  96  6:13  Pylon  
  96  6:15  Pylon  
  98  6:19  Templar Archives  
  98  6:35  Warp Prism, Gateway  
  98  6:36  Gateway  
  98  6:37  Photon Cannon  
  98  6:39  Pylon  
  100  6:44  Pylon  
  100  6:50  Nexus  
  100  6:53  Probe  
  100  6:54  Probe  
  102  6:55  Psionic Storm  
  102  6:56  Pylon  
  102  6:59  Warp Prism  
  102  7:03  High Templar x2  
  102  7:04  High Templar x2  
  102  7:05  Probe  
  102  7:08  Archon x2  
  111  7:11  High Templar x2  
  111  7:12  Zealot x2  
  111  7:13  Zealot  
  111  7:14  Probe  
  124  7:28  Immortal, Probe  
  125  7:33  Nexus  
  129  7:38  High Templar x2  
  129  7:40  High Templar  
  129  7:42  Pylon, Zealot x5  
  146  7:46  Zealot x2  
  146  7:51  Pylon  
  149  7:53  Pylon  
  149  8:00  Probe  
  149  8:01  Probe  
  149  8:03  Pylon, Observer  
  149  8:04  Assimilator  
  151  8:06  Zealot x2  
  151  8:09  Assimilator, High Templar x2  
  159  8:13  Archon  
  159  8:16  Probe  
  159  8:18  Probe  
  157  8:31  Probe  
  158  8:39  High Templar x2  
  158  8:40  Zealot x7  
  174  8:45  Archon  
  174  8:47  Probe  
  173  8:49  Fleet Beacon  
  173  8:53  Pylon  
  163  8:55  Pylon  
  163  9:00  Zealot x5  
  163  9:01  Zealot x2  
  155  9:07  Immortal  
  147  9:13  Zealot x4  
  147  9:15  Archon  
  149  9:18  Probe x2  
  145  9:30  Zealot x7  
  143  9:35  High Templar x4  
  143  9:37  Probe  
  144  9:39  Archon  
  144  9:43  Archon  
Tags
 
Add a new tag
Caveats
  • Supply blocks, unpowered buildings, or Contaminate may cause inaccurate times.
  • Supply counts are checked every 10 seconds.